 Dungeon Crawl Stone Soup version 0.26.0-10-g1f06aea511 (webtiles) character file.

Game seed: 5154807966446392673

8660 HoaS the Grappler (level 11, -1/92 HPs)
             Began as a Ghoul Gladiator on Jan 15, 2021.
             Was a Believer of Makhleb.
             Slain by a death knight
             ... wielding a +3 great sword
              (14 damage)
             ... on level 9 of the Dungeon.
             The game lasted 00:20:40 (10328 turns).

HoaS the Grappler (Ghoul Gladiator)                Turns: 10328, Time: 00:20:40

Health: -1/92      AC: 16    Str: 20    XL:     11   Next: 34%
Magic:  10/10      EV: 17    Int:  3    God:    Makhleb [**....]
Gold:   712        SH:  0    Dex: 12    Spells: 10/10 levels left

rFire    + . .     SeeInvis .     - Unarmed
rCold    + . .     Faith    .   (no shield)
rNeg     + + +     Spirit   .   C - +3 scale mail {rF+}
rPois    ∞         Reflect  .   b - +0 helmet
rElec    .         Harm     .   (no cloak)
rCorr    .         Rampage  .   (no gloves)
Will     .....                  j - +0 pair of boots
Stlth    ..........             (no amulet)
HPRegen  0.00/turn              l - +4 ring of evasion
MPRegen  0.12/turn              a - +4 ring of protection

@: no status effects
A: claws 1, cold resistance 1, negative energy resistance 3, inhibited
regeneration, torment resistance, unbreathing
a: Renounce Religion, Minor Destruction


You were on level 9 of the Dungeon.
You worshipped Makhleb.
Makhleb was pleased with you.
You visited 2 branches of the dungeon, and saw 10 of its levels.

You collected 712 gold pieces.

Inventory:

Missiles
 i - 42 poisoned darts
 x - 3 boomerangs
Armour
 b - a +0 helmet (worn)
 j - a +0 pair of boots (worn)
 C - a +3 scale mail of fire resistance (worn)
Jewellery
 a - a +4 ring of protection (right claw)
 l - a +4 ring of evasion (left claw)
 n - a +4 ring of evasion
 r - the ring "Reoch" {rF+ rC+ Stlth+}
   (You took it off an orc priest on level 4 of the Dungeon)

   [ring of protection from fire]

   It protects you from fire.
   It protects you from cold.
   It makes you more stealthy.
 B - an uncursed ring of protection from cold
Wands
 h - a wand of flame (16)
 k - a wand of acid (2) (quivered)
 u - a wand of disintegration (8)
 y - a wand of random effects (14)
Scrolls
 d - a scroll of identify
 g - 5 scrolls of remove curse
 q - 2 scrolls of blinking
 s - a scroll of fear
 v - 2 scrolls of magic mapping
 w - 4 scrolls of teleportation
Potions
 c - a potion of ambrosia {unknown}
 e - 3 potions of lignification {unknown}
 f - a potion of curing
 m - 2 potions of mutation {unknown}
 o - 2 potions of might {unknown}
 p - 2 potions of attraction {unknown}
 t - 4 potions of haste
 z - a potion of brilliance {unknown}
 A - 2 potions of cancellation {unknown}
 D - a potion of magic {unknown}


   Skills:
 + Level 7.0 Fighting
 - Level 1.7 Throwing
 + Level 5.4 Armour
 + Level 6.2 Dodging
 * Level 14.6 Unarmed Combat


You had 10 spell levels left.
You didn't know any spells.
Your spell library was empty.

Dungeon Overview and Level Annotations

Branches:
Dungeon (9/15)             Temple (1/1) D:7            Lair (0/6) D:8
    Orc: D:9-12

Altars:
Ashenzari
Cheibriados
Dithmenos
Elyvilon
Fedhas
Gozag
Hepliaklqana
Kikubaaqudgha
Makhleb
Nemelex Xobeh
Okawaru
Qazlal
Ru
Sif Muna
Trog
Uskayaw
Vehumet
Wu Jian
Xom
Yredelemnul
Zin
The Shining One

Annotations:
D:6 2 transporters, emiel's ghost, novice DsWn
D:7 1 runed translucent door, Raspi's ghost, novice MfHu


Innate Abilities, Weirdness & Mutations

You thrive by killing the living.
You are immune to poison.
You have sharp fingernails.
Your flesh is cold resistant. (rC+)
You are immune to negative energy. (rN+++)
You do not regenerate when monsters are visible.
You are immune to unholy pain and torment.
You can survive without breathing.


Message History

The death knight is heavily wounded.
The death knight offers itself to Yredelemnul, and fills with unholy energy.
You barely miss the death knight.
The death knight is heavily wounded.
The death knight hits you with a +3 great sword!!
You closely miss the death knight.
The death knight is heavily wounded.
You closely miss the death knight.
The death knight is heavily wounded.
The death knight hits you with a +3 great sword.
You claw the death knight! Your claw misses the death knight.
The death knight is heavily wounded.
The death knight reflects your damage back at you!
* * * LOW HITPOINT WARNING * * *
You claw the death knight!
The death knight is severely wounded.
The death knight reflects your damage back at you!
* * * LOW HITPOINT WARNING * * *
The death knight hits you with a +3 great sword!
You die...

##.)#.#.#####≈# '..
....#.#...)†.≈# ...# .#.. ≈#
#.(.#!######.≈# #..#..#.. ≈#
#((.#.# #.≈# #..#. #.. ≈#
#...#.# #.≈####..' #..####≈#
#.....######.≈......####......≈#
#)......[.[..≈......≈≈≈#......≈#
#...#########≈####..≈8≈#......≈#
#...#########≈#.@p..≈≈≈#####'#≈#
.............≈#[#..........).# #
#.##########.≈###.....)..))..#
..<..# #.≈.......#..###..#
...#.# #.≈....##.#..# #..#
####.# #.#....#..#..#....#
.....# #......####..######
###### #...#≈≈≈≈ ≈≈≈≈
#.##########...


You could see a death knight (reflects damage).

Vanquished Creatures
  A catoblepas (D:8)
  2 two-headed ogres
  Pikel (D:5)
  A harpy (shapeshifter) (D:8)
  A cyclops (D:9)
  A hornet (D:8)
  A vampire (D:8)
  A basilisk (D:9)
  2 steam dragons
  2 water moccasins
  A black bear (D:9)
  An ice beast (D:9)
  A sky beast (D:8)
  9 ogres
  6 orc warriors
  2 phantoms
  6 centaurs
  4 lemures
  4 bullfrogs
  2 gnoll sergeants
  2 scorpions (D:7)
  2 water moccasin skeletons
  8 wights (D:8)
  A howler monkey (D:9)
  2 bullfrog zombies (D:5)
  5 hounds
  2 quasits
  3 bullfrog skeletons
  A jelly (D:8)
  6 orc priests
  A centaur skeleton (D:5)
  7 iguanas
  9 orc wizards
  3 worker ants
  A hound skeleton (D:5)
  11 adders
  2 gnolls (D:6)
  A shadow imp (D:8)
  3 white imps
  2 ufetubi (D:8)
  An ooze (D:2)
  2 adder zombies (D:9)
  2 adder skeletons
  A worm (D:4)
  A dart slug (D:2)
  10 leopard geckos
  34 orcs
  4 bats
  4 giant cockroaches
  6 goblins
  5 hobgoblins
  6 jackals
  4 quokkas
  3 frilled lizards
  A jackal skeleton (D:5)
  A jackal zombie (D:6)
  7 kobolds
  A quokka skeleton (D:7)
  4 rats
218 creatures vanquished.

Notes
Turn   | Place    | Note
-------+----------+-------------------------------------------
     0 | D:1      | HoaS the Ghoul Gladiator began the quest for the Orb.
     0 | D:1      | Reached XP level 1. HP: 17/17 MP: 0/0
   263 | D:1      | Reached XP level 2. HP: 11/24 MP: 1/1
   457 | D:1      | Found a glowing golden altar of the Shining One.
   686 | D:2      | Noticed a centaur
   700 | D:2      | HP: 1/24 [centaur (7)]
   701 | D:2      | Killed a centaur
   702 | D:2      | Reached skill level 5 in Unarmed Combat
   702 | D:2      | Reached XP level 3. HP: 1/29 MP: 2/2
   702 | D:2      | Reached XP level 4. HP: 1/36 MP: 3/3
  1128 | D:2      | Reached skill level 6 in Unarmed Combat
  1135 | D:2      | Reached XP level 5. HP: 32/41 MP: 4/4
  1759 | D:2      | Found a basalt altar of Yredelemnul.
  1928 | D:3      | Noticed a water moccasin
  1945 | D:3      | Killed a water moccasin
  1946 | D:3      | Reached skill level 7 in Unarmed Combat
  1946 | D:3      | Reached XP level 6. HP: 25/48 MP: 5/5
  2375 | D:3      | Found a faded altar of an unknown god.
  3146 | D:4      | Found a white marble altar of Elyvilon.
  3198 | D:4      | Reached skill level 8 in Unarmed Combat
  3319 | D:4      | Reached XP level 7. HP: 55/55 MP: 6/6
  3827 | D:4      | Found a sparkling altar of Nemelex Xobeh.
  3827 | D:4      | Found a shadowy altar of Dithmenos.
  3995 | D:4      | Reached skill level 9 in Unarmed Combat
  4013 | D:4      | Identified the ring "Reoch" {rF+ rC+ Stlth+}
  4558 | D:5      | Entered Level 5 of the Dungeon
  4668 | D:5      | Reached skill level 10 in Unarmed Combat
  4715 | D:5      | Found a basalt altar of Yredelemnul.
  4761 | D:5      | Reached XP level 8. HP: 59/61 MP: 7/7
  5041 | D:5      | Found a hide-covered altar of Uskayaw.
  5043 | D:5      | Noticed Pikel
  5334 | D:5      | Killed Pikel
  5335 | D:5      | Reached skill level 11 in Unarmed Combat
  5625 | D:5      | Reached skill level 12 in Unarmed Combat
  5627 | D:5      | Noticed a +0 dagger
  5627 | D:5      | Noticed a +0 hand axe
  5672 | D:5      | Reached XP level 9. HP: 67/68 MP: 8/8
  5894 | D:5      | Reached skill level 1 in Armour
  6260 | D:6      | Noticed emiel's ghost (novice DsWn)
  6265 | D:6      | Found a transporter.
  6265 | D:6      | Noticed a queen bee
  6270 | D:6      | Found a transporter.
  7199 | D:7      | Found an opulent altar of Gozag.
  7346 | D:7      | Found an ornate altar of the Wu Jian Council.
  7380 | D:7      | Noticed Raspi's ghost (novice MfHu)
  7382 | D:7      | Found a runed translucent door.
  7533 | D:7      | Found a staircase to the Ecumenical Temple.
  7539 | Temple   | Entered the Ecumenical Temple
  7751 | Temple   | Became a worshipper of Makhleb the Destroyer
  8181 | D:8      | Noticed a hornet
  8189 | D:8      | Killed a hornet
  8228 | D:8      | Reached skill level 13 in Unarmed Combat
  8270 | D:8      | Reached XP level 10. HP: 80/80 MP: 9/9
  8329 | D:8      | Reached skill level 5 in Fighting
  8398 | D:8      | Found a staircase to the Lair.
  8603 | D:8      | Reached * piety under Makhleb
  8644 | D:8      | Noticed a two-headed ogre
  8653 | D:8      | Killed a two-headed ogre
  8654 | D:8      | Reached skill level 5 in Dodging
  8683 | D:8      | Noticed a harpy
  8693 | D:8      | Killed a harpy
  9057 | D:8      | Found an iron altar of Okawaru.
  9214 | D:8      | Noticed a catoblepas
  9247 | D:8      | Killed a catoblepas
  9248 | D:8      | Reached skill level 14 in Unarmed Combat
  9664 | D:9      | Noticed a cyclops
  9755 | D:8      | Reached XP level 11. HP: 61/90 MP: 10/10
  9878 | D:9      | Killed a cyclops
  9879 | D:9      | Reached skill level 5 in Armour
  9928 | D:9      | Noticed a two-headed ogre
  9940 | D:9      | Killed a two-headed ogre
 10004 | D:9      | Found an ancient bone altar of Kikubaaqudgha.
 10246 | D:9      | Reached ** piety under Makhleb
 10289 | D:9      | Noticed a death knight
 10328 | D:9      | Slain by a death knight

Illustrated notes

Levels and vault maps discovered:
D:1:      dpeg_arrival_rhombi, layout_basic, tso_metal_star
D:2:      layout_basic, general_overflow_altar
D:3:      layout_basic, chequers_ecumenical_altar_twisty
D:4:      layout_loops_ring, old_standard_altar,
          gammafunk_temple_overflow_elements
D:5:      layout_basic, dancing_weapons_uskayaw, basic_altar, moated_statue,
          uniq_pikel
D:6:      layout_loops_corners, gammafunk_ghost_hive
D:7:      layout_basic, lemuel_doored_altar, overflow_temple_1_default,
          minmay_temple_entry_overgrown, ebering_ghost_inner_flame
D:8:      minmay_the_grid_plus [minmay_the_grid_minigrid_medium,
          minmay_the_grid_dragon_b, minmay_the_grid_odd_star,
          minmay_the_grid_diamond_grid, minmay_the_grid_prize_diamond_cup],
          layout_cave_pods, nicolae_overflow_hidden_temple
D:9:      cheibrodos_ideogram_h, layout_basic, nicolae_overflow_crystal_walls,
          grunt_ministairs_1, chequers_guarded_unrand_ignorance
Temple:   nicolae_temple_figure_eight

Skill      XL: |  1  2  3  4  5  6  7  8  9 10 11 |
---------------+----------------------------------+-----
Unarmed Combat | 5 6 7 8 10 12 13 14 | 14.6
Armour         | 3 4 5 |  5.4
Dodging        | 4 5 6 |  6.2
Fighting       | 4 6 7 |  7.0
Throwing       | |  1.7

Action                   |  1- 3 |  4- 6 |  7- 9 | 10-12 || total
-------------------------+-------+-------+-------+-------++-------
Melee: Unarmed           |    41 |   212 |   340 |   254 ||   847
       Punch             |       |     5 |    16 |     8 ||    29
Throw: Throwing net      |     2 |     2 |       |       ||     4
Evoke: Wand              |       |       |     3 |     5 ||     8
  Use: Scroll            |     4 |     4 |     7 |     1 ||    16
       Potion            |       |       |     1 |     2 ||     3
 Stab: Held in net/web   |     1 |       |       |       ||     1
Armor: Leather armour    |     4 |       |       |       ||     4
       Ring mail         |     2 |    63 |       |       ||    65
       Chain mail        |       |     9 |    87 |    19 ||   115
       Plate armour      |       |       |       |    33 ||    33
       Scale mail        |       |       |       |    52 ||    52
Dodge: Dodged            |    18 |   119 |   147 |   132 ||   416
